 Dungeon Crawl Stone Soup version 0.19.5 (webtiles) character file.

38 equalderp2856 the Sneak (level 3, -10/15 HPs)
             Began as a Felid Ice Elementalist on Apr 1, 2017.
             Killed by miscasting Summon Ice Beast (25 damage)
             ... on level 2 of the Dungeon.
             The game lasted 00:07:27 (3784 turns).

equalderp2856 the Sneak (Felid Ice Elementalist)    Turns: 3784, Time: 00:07:28

Health: -10/15     AC:  1    Str:  4    XL:     3   Next: 25%
Magic:  3/7        EV: 19    Int: 16    God:
Gold:   71         SH:  0    Dex: 17    Spells: 2 memorised, 1 level left
                                        Lives:  0   Deaths: 1

rFire  . . .     SeeInvis +       - Unarmed
rCold  . . .     Gourm    .     (armour unavailable)
rNeg   . . .     Faith    .     (shield unavailable)
rPois  .         Spirit   .     (helmet unavailable)
rElec  .         Reflect  .     (cloak unavailable)
rCorr  .         Harm     .     (gloves unavailable)
MR     .....                    (boots unavailable)
Stlth  +++.......               (no amulet)
                                (no ring)
                                (no ring)

@: very slightly contaminated, quick
A: no armour, no weapons or thrown items, stealth, claws 1, fangs 3, see
invisible, carnivore 3, speed 1, shaggy fur 1, slow metabolism 1, sharp paws
a: no special abilities


You were on level 2 of the Dungeon.
You were not hungry.

You visited 1 branch of the dungeon, and saw 2 of its levels.

You collected 71 gold pieces.

Inventory:

Scrolls
 d - a scroll of recharging {unknown}
 e - a scroll of remove curse {unknown}
 g - 2 scrolls of random uselessness {unknown}
 j - a scroll of identify {unknown}
 l - a scroll of enchant armour {unknown}
Potions
 h - 2 potions of heal wounds
 i - a potion of curing {unknown}
Books
 a - a book of Frost

   Spells                             Type                      Level
   a - Freeze                         Ice                          1
   b - Throw Frost                    Conjuration/Ice              2
   c - Ozocubu's Armour               Charms/Ice                   3
   d - Throw Icicle                   Conjuration/Ice              4
   e - Summon Ice Beast               Ice/Summoning                4
Comestibles
 b - 3 meat rations
 k - a beef jerky


   Skills:
 * Level 1.0 Fighting
 * Level 4.0 Dodging
 * Level 4.4 Stealth
 * Level 1.6 Unarmed Combat
 - Level 2.0 Spellcasting
   Level 0.8 Conjurations
 - Level 2.6 Ice Magic


You had one spell level left.
You knew the following spells:

 Your Spells              Type           Power        Failure   Level  Hunger
a - Freeze                Ice            ##..         10%         1    #......
b - Summon Ice Beast      Ice/Summ       #.......     96%         4    #####..


Dungeon Overview and Level Annotations

Branches:
Dungeon (2/15)

Altars:
Kikubaaqudgha


Innate Abilities, Weirdness & Mutations

You cannot wear armour.
You are incapable of wielding weapons or throwing items.
Your paws allow you to move quietly. (Stealth)
You have sharp claws.
You have razor-sharp teeth.
You have supernaturally acute eyesight. (SInv)
You are carnivorous and can eat meat at any time.
You cover ground quickly.
You are covered in fur. (AC +1)
You have a slow metabolism.
Your sharp claws are effective at attacking unaware monsters.


Message History

You miscast Summon Ice Beast.
You hear a crackling sound.
Unknown command.
You start resting.
Magic restored.
Casting: Summon Ice Beast
Confirm with . or Enter, or press ? or * to list all spells.
The spell is very dangerous to cast!
Continue anyway?
You miscast Summon Ice Beast.
Wisps of condensation drift from your paws.
You start resting.
Magic restored.
Casting: Summon Ice Beast
Confirm with . or Enter, or press ? or * to list all spells.
The spell is very dangerous to cast!
Continue anyway?
You miscast Summon Ice Beast.
You are caught in an explosion of ice and frost!
The explosion engulfs you!
Ouch! That really hurt!
You die...

#........####..# ♣≈P≈.≈≈≈
##....#P#.##....# ♣♣♣♣≈≈≈.≈≈P
###...P.P≈##.#.#.## #P≈≈≈≈≈≈.P≈≈
....PP≈≈≈≈.##..#.# #≈≈≈≈≈≈≈.≈≈≈
.#P≈≈≈≈♣P≈≈##....# ♣≈≈≈P≈≈≈.≈≈≈
.#.P≈♣♣♣♣≈≈≈#..### ≈P≈≈P≈≈≈.≈≈≈
..P≈♣♣ ♣P≈P.#.# #♣≈≈≈≈≈≈≈.≈≈≈
##.≈♣♣♣♣♣≈≈P.#.######.P≈≈P≈≈♣.♣≈#
##.≈≈P≈P♣≈P≈%...@...#..♣♣♣≈≈...##
....P≈P≈P≈.##.#####.#...####.....
####P..≈P####.####...........##.#
##.P.## #.##...........### .#
##.## #.##.#.........# .# #...#
#...........#.## # #...#
####........#.#####.# # #...#
####................# #
#...#####......P...##.#######


There were no monsters in sight!

Vanquished Creatures
  3 adders (D:2)
  An ooze (D:2)
  3 dart slugs
  A leopard gecko (D:2)
  A ball python (D:2)
  8 bats
  3 giant cockroaches
  8 goblins
  3 hobgoblins
  2 quokkas (D:2)
  2 frilled lizards (D:1)
  4 kobolds
  4 rats
43 creatures vanquished.

Vanquished Creatures (others)
  2 eldritch tentacles
  A human (D:2)
3 creatures vanquished.

Grand Total: 46 creatures vanquished

Notes
Turn   | Place    | Note
-------+----------+-------------------------------------------
     0 | D:1      | equalderp2856 the Felid Ice Elementalist began the quest for the Orb.
     0 | D:1      | Reached XP level 1. HP: 7/7 MP: 4/4
   551 | D:1      | Reached XP level 2. HP: 12/12 MP: 4/6
  1908 | D:2      | Reached XP level 3. HP: 13/15 MP: 3/7
  2016 | D:2      | Reached skill level 1 in Unarmed Combat
  2474 | D:2      | Found an ancient bone altar of Kikubaaqudgha.
  2486 | D:2      | Noticed a human
  2489 | D:2      | Killed a human
  2498 | D:2      | Reached XP level 4. HP: 8/18 MP: 4/8
  2503 | D:2      | Reached skill level 1 in Fighting
  2653 | D:1      | Learned a level 4 spell: Summon Ice Beast
  2656 | D:1      | Noticed an eldritch tentacle
  2689 | D:2      | Killed by miscasting Summon Ice Beast
  2690 | D:2      | Reached XP level 3. HP: 0/15 MP: 4/7
  2725 | D:2      | Killed an eldritch tentacle
  2747 | D:2      | Noticed a small abomination
  2747 | D:2      | Noticed a small abomination
  2747 | D:2      | Noticed a small abomination
  2783 | D:1      | Killed an eldritch tentacle
  2955 | D:1      | Noticed a small abomination
  2955 | D:1      | Noticed a small abomination
  2955 | D:1      | Noticed a small abomination
  3784 | D:2      | Killed by miscasting Summon Ice Beast

Skill      XL: |  1  2  3  4 |
---------------+-------------+-----
Dodging        | 3 4 |  4.0
Stealth        | 3 4 |  4.4
Unarmed Combat | 1 |  1.6
Fighting       | 1 |  1.0
Spellcasting   | |  2.0
Conjurations   | |  0.8
Ice Magic      | |  2.6

Action                   |  1- 3 |  4- 6 || total
-------------------------+-------+-------++-------
Melee: Unarmed           |    79 |       ||    79
       Bite              |     4 |       ||     4
       Punch             |     1 |       ||     1
 Cast: Freeze            |    36 |     4 ||    40
       Summon Ice Beast  |     1 |       ||     1
  Use: Potion            |       |     3 ||     3
 Stab: Sleeping          |     9 |       ||     9
  Eat: Chunk             |     5 |       ||     5
       Meat ration       |     1 |       ||     1
Armor: Skin              |     5 |     1 ||     6
Dodge: Dodged            |    97 |     1 ||    98
